Map: Catalyst LE

Players

JohnSnow

  • Race: Terran Terran
  • League: Gold
  • Spawn Location: 11:00

A.I. 1 (Very Hard) - Winner!

  • Race: Protoss Protoss
  • Spawn Location: 5:00

VOD

Have the link to the VOD?

Description

Time

  • Played on: Jan. 16, 2018, 10:50 p.m.
  • Length: 22:00
Show
View Real Time Build Order
Export as new Build Order

JohnSnow Terran 

Build Orders:  

Get SALT Encoding   

  12  0:01  SCV  
  13  0:13  SCV  
  14  0:18  Supply Depot  
  14  0:28  SCV  
  15  0:40  SCV  
  16  0:45  Barracks  
  16  0:54  Refinery, SCV  
  17  1:06  SCV  
  18  1:18  SCV  
  19  1:33  Barracks  
  19  1:47  Command Center  
  19  1:48  Barracks Reactor  
  19  1:54  Orbital Command  
  19  2:21  Supply Depot  
  19  2:24  Barracks Tech Lab  
  19  2:26  Marine x2  
  21  2:31  Factory  
  21  2:43  Marine  
  22  2:45  Refinery  
  22  2:57  Supply Depot  
  22  3:10  Marine x2  
  24  3:15  Marine  
  24  3:19  Supply Depot  
  25  3:29  Factory Reactor  
  25  3:33  Marine  
  26  3:35  Orbital Command  
  26  3:43  Supply Depot  
  26  3:47  SCV  
  27  3:55  Marine x3  
  28  4:00  SCV  
  28  4:01  Stimpack  
  31  4:11  Starport  
  31  4:13  Marine x2  
  31  4:15  Cyclone  
  36  4:23  Marine  
  37  4:25  SCV x2  
  37  4:31  Marine  
  40  4:37  Bunker, SCV  
  41  4:52  Supply Depot  
  41  5:15  Factory Tech Lab  
  41  5:26  Engineering Bay  
  41  5:29  Engineering Bay, SCV x2  
  43  5:41  SCV  
  43  5:42  SCV  
  45  5:50  Refinery  
  45  5:51  Marine x3  
  45  5:53  Siege Tank, SCV  
  45  5:54  SCV  
  45  5:55  Medivac  
  55  6:05  SCV  
  55  6:07  Armory  
  55  6:08  Marine  
  55  6:09  Marine x2  
  59  6:22  Supply Depot  
  59  6:26  Siege Tank  
  62  6:49  SCV x2  
  62  6:51  Terran Infantry Weapons Level 1, Terran Infantry Armor Level 1  
  64  6:57  Terran Vehicle Weapons Level 1  
  64  6:58  Siege Tank  
  64  7:01  SCV x2  
  69  7:08  Barracks  
  69  7:10  Marine  
  69  7:11  Marine x2  
  72  7:25  SCV x2  
  72  7:26  Refinery  
  72  7:28  Marine x2  
  72  7:29  Marauder  
  78  7:30  Siege Tank  
  81  7:37  SCV x2  
  83  7:44  Missile Turret  
  83  7:49  SCV  
  83  7:50  SCV  
  85  7:57  Barracks, Command Center  
  85  8:00  Supply Depot  
  85  8:01  SCV  
  86  8:21  Marine x2  
  86  8:22  Marauder, SCV  
  86  8:23  Supply Depot  
  92  8:29  Barracks Reactor  
  92  8:33  Siege Tank  
  94  8:45  Medivac x2, Marauder, Marine x2  
  94  8:46  Missile Turret  
  94  8:47  Supply Depot  
  102  8:51  Terran Vehicle And Ship Armor Level 1  
  102  9:08  Terran Infantry Weapons Level 2, Siege Tank  
  105  9:20  SCV x2  
  107  9:24  Terran Infantry Armor Level 2  
  107  9:32  SCV x2, Supply Depot  
  109  9:44  SCV  
  110  9:47  SCV  
  110  9:52  Orbital Command  
  111  9:56  SCV  
  111  9:59  SCV  
  113  10:08  SCV  
  103  10:18  Marine x4  
  103  10:19  Marine  
  96  10:21  Siege Tank  
  99  10:32  Barracks Reactor  
  98  10:37  Marauder  
  100  10:45  Orbital Command, Terran Vehicle Weapons Level 2  
  100  10:50  SCV x2  
  100  10:53  Siege Tank  
  105  10:58  Marauder  
  105  11:02  SCV x2  
  109  11:06  Marine x4  
  109  11:10  Medivac x2  
  117  11:14  SCV x2  
  119  11:20  Marauder  
  119  11:23  Bunker  
  119  11:24  Marine x2  
  126  11:25  Siege Tank  
  126  11:30  SCV x2  
  128  11:33  Terran Infantry Weapons Level 3  
  128  11:40  Medivac  
  128  11:41  Marauder  
  128  11:42  SCV  
  133  12:05  Supply Depot  
  133  12:17  Siege Tank, SCV x2  
  133  12:18  Marauder  
  133  12:21  Supply Depot  
  140  12:22  Marine  
  140  12:23  Marine x5  
  140  12:27  Supply Depot  
  140  12:29  SCV  
  147  12:38  Refinery, Marine  
  147  12:39  SCV x2  
  147  12:40  Marine  
  147  12:41  SCV  
  147  12:42  Terran Infantry Armor Level 3  
  152  12:44  Supply Depot  
  152  12:49  Siege Tank  
  152  12:51  SCV x2, Supply Depot  
  155  12:54  SCV  
  155  12:57  Marauder  
  160  13:01  Terran Vehicle And Ship Armor Level 2  
  152  13:18  Marauder  
  136  13:21  Siege Tank  
  117  13:40  Marine x3  
  117  13:41  Marine x4  
  113  13:54  Siege Tank  
  116  13:58  Supply Depot, Marine x4  
  116  13:59  Marine x3  
  123  14:16  Marine  
  124  14:23  Marine  
  124  14:24  Marine x5  
  125  14:26  Siege Tank  
  125  14:28  Medivac x2  
  134  14:34  Marine  
  135  14:41  Marine  
  136  14:46  Marine x2  
  136  14:47  Marine x3  
  136  14:51  Marine  
  135  14:58  Medivac x2, Siege Tank  
  135  14:59  Marine  
  139  15:04  Marine x3  
  139  15:05  Marine x2  
  144  15:08  Factory  
  144  15:09  Marine  
  142  15:14  SCV x2  
  142  15:15  SCV  
  142  15:17  Marine  
  137  15:22  Marine x4  
  137  15:23  Marine  
  137  15:26  SCV x2  
  137  15:27  SCV, Marine  
  145  15:31  Siege Tank  
  145  15:35  Marine  
  149  15:38  SCV  
  149  15:39  SCV  
  149  15:40  Marine x3  
  149  15:41  Marauder  
  150  15:54  Marine x3  
  151  15:58  Marine x2  
  151  16:02  Marauder  
  151  16:03  Siege Tank  
  123  16:18  Marine  
  123  16:19  Marine x5  
  123  16:23  Marine  
  130  16:26  Factory Tech Lab  
  130  16:35  Siege Tank  
  130  16:36  Refinery  
  133  16:40  Barracks  
  133  16:41  Marauder  
  133  16:44  Barracks  
  135  17:03  Marauder  
  135  17:07  Siege Tank  
  140  17:11  Marine x4  
  140  17:12  Marine x2  
  146  17:21  Thor  
  152  17:24  Marauder  
  152  17:29  Marine x3  
  157  17:34  SCV x3  
  160  17:38  Marine  
  160  17:39  Siege Tank, Marine x3  
  168  17:45  Marine  
  168  17:46  SCV x2, Marine  
  168  17:47  Marine x2  
  168  17:51  Barracks Reactor  
  173  17:56  Missile Turret, Marine  
  173  17:57  Marine  
  175  18:03  Marauder  
  175  18:04  Thor  
  183  18:11  Siege Tank  
  186  18:19  Medivac x2  
  190  18:25  Marauder  
  190  18:26  Barracks Reactor  
  177  18:34  Missile Turret  
  174  18:46  Marauder  
  174  18:47  Thor  
  182  18:48  Medivac  
  182  18:49  Medivac  
  138  19:15  Barracks Reactor  
  116  19:17  Marine x2  
  116  19:18  Medivac, Marine  
  116  19:19  Medivac, Marine x6  
  107  19:35  Marine x2  
  107  19:36  Marine x2  
  107  19:37  Marine x5  
  103  19:53  Marine x2  
  103  19:54  Marine x4  
  103  19:55  Marine x2  
  101  20:13  Marine x4  
  101  20:14  Marine x4  
  102  20:19  Siege Tank  
  97  20:29  Command Center  
  80  20:51  Siege Tank  
  75  21:05  Supply Depot  
  65  21:23  Siege Tank  
Show
View Real Time Build Order
Export as new Build Order

A.I. 1 (Very Hard) Protoss - Winner!

Build Orders: Zealot Archon 

Get SALT Encoding   

  12  0:00  Probe  
  13  0:13  Probe  
  14  0:19  Pylon  
  14  0:25  Probe  
  15  0:38  Probe  
  15  0:40  Gateway  
  16  0:48  Assimilator  
  16  0:50  Probe  
  17  1:01  Pylon  
  17  1:02  Probe  
  18  1:14  Probe  
  19  1:26  Probe  
  19  1:30  Zealot  
  19  1:31  Cybernetics Core  
  22  1:38  Probe  
  23  1:50  Probe  
  24  1:55  Gateway  
  24  1:58  Pylon  
  24  2:02  Probe  
  25  2:19  Nexus  
  25  2:26  Zealot  
  25  2:29  Probe  
  28  2:32  Warp Gate  
  28  2:41  Assimilator, Probe  
  29  2:48  Adept  
  31  2:53  Probe  
  31  2:58  Adept  
  34  3:05  Probe  
  34  3:08  Pylon  
  34  3:17  Probe  
  34  3:18  Stalker  
  37  3:25  Stalker  
  39  3:29  Probe  
  39  3:31  Probe  
  41  3:41  Gateway  
  41  3:43  Probe  
  42  3:49  Stalker  
  42  3:53  Probe  
  45  3:58  Stalker  
  45  4:01  Probe  
  48  4:05  Probe  
  49  4:13  Probe  
  50  4:17  Probe  
  50  4:19  Stalker  
  53  4:25  Probe  
  53  4:28  Stalker  
  53  4:29  Probe  
  57  4:35  Stalker  
  57  4:37  Pylon, Probe  
  60  4:41  Probe  
  61  4:48  Pylon  
  61  4:49  Probe  
  62  4:55  Probe  
  62  4:57  Stalker  
  62  4:58  Stalker  
  67  5:01  Probe  
  68  5:07  Stalker, Probe  
  68  5:10  Pylon  
  68  5:14  Probe  
  72  5:19  Stalker, Probe  
  72  5:20  Pylon  
  75  5:23  Stalker  
  75  5:26  Probe  
  78  5:30  Stalker  
  78  5:32  Probe  
  81  5:37  Pylon  
  81  5:38  Probe  
  82  5:42  Stalker  
  82  5:44  Probe, Twilight Council  
  82  5:46  Sentry  
  87  5:50  Probe  
  87  5:53  Sentry  
  87  5:56  Probe  
  91  6:03  Pylon  
  91  6:05  Assimilator  
  91  6:06  Zealot  
  91  6:10  Assimilator  
  93  6:15  Zealot  
  93  6:18  Zealot  
  97  6:22  Templar Archives  
  97  6:24  Pylon  
  97  6:26  Zealot  
  97  6:32  Probe  
  100  6:35  Zealot  
  100  6:38  Zealot  
  104  6:45  Pylon  
  104  6:58  Forge, High Templar x2  
  108  7:02  Forge  
  108  7:03  Robotics Facility  
  108  7:12  Pylon  
  108  7:17  Nexus  
  108  7:18  High Templar, Archon  
  110  7:23  Gateway  
  110  7:31  High Templar  
  110  7:36  Photon Cannon  
  112  7:38  Pylon  
  112  7:47  Adept  
  114  7:53  Observer  
  114  7:54  High Templar, Archon  
  117  7:59  Photon Cannon  
  117  8:00  Photon Cannon  
  117  8:04  Photon Cannon  
  117  8:06  High Templar  
  119  8:13  Warp Prism  
  121  8:23  Pylon  
  121  8:24  Sentry  
  123  8:27  Archon  
  123  8:30  High Templar, Probe x3  
  123  8:32  Gateway  
  128  8:41  Assimilator  
  128  8:42  Probe x2  
  128  8:44  High Templar, Probe  
  128  8:46  Pylon  
  133  8:49  Assimilator, Warp Prism  
  133  8:54  Probe x2  
  137  8:56  Photon Cannon, Probe  
  138  9:05  Archon  
  138  9:06  Protoss Ground Weapons Level 1, Probe  
  138  9:07  Photon Cannon  
  138  9:08  Probe x2  
  141  9:10  Pylon  
  141  9:11  Protoss Ground Armor Level 1  
  141  9:12  Adept  
  143  9:18  Probe  
  143  9:19  Sentry  
  143  9:20  Probe  
  143  9:21  Probe  
  143  9:22  Gateway  
  148  9:25  Immortal, Sentry  
  148  9:29  Nexus  
  148  9:30  Probe  
  155  9:32  Probe  
  155  9:37  Pylon  
  156  9:39  Photon Cannon  
  156  9:42  Photon Cannon, Charge  
  156  9:57  Archon  
  156  10:02  Zealot x3  
  156  10:03  Zealot x2, Robotics Facility  
  156  10:04  Immortal  
  120  10:16  Zealot  
  93  10:22  Adept, Zealot  
  93  10:23  High Templar, Zealot  
  93  10:24  Stalker  
  103  10:36  Zealot  
  103  10:41  Probe  
  106  10:42  Adept  
  106  10:43  Adept, Stalker, Photon Cannon  
  106  10:44  Observer  
  106  10:47  High Templar  
  115  10:50  Immortal  
  115  10:52  Pylon  
  115  10:55  Sentry  
  115  10:56  Stalker  
  123  11:02  Adept  
  123  11:03  Stalker  
  127  11:06  Assimilator, Sentry  
  127  11:08  Archon  
  127  11:11  Assimilator  
  129  11:14  Photon Cannon  
  129  11:16  Pylon  
  129  11:18  Sentry  
  131  11:19  Stalker, High Templar, Immortal  
  131  11:22  High Templar  
  141  11:26  Stalker  
  141  11:28  Archon  
  141  11:29  Stalker  
  143  11:41  High Templar  
  143  11:43  Zealot  
  147  11:49  High Templar  
  147  11:52  Photon Cannon, Stalker, Sentry  
  153  11:55  Stalker  
  153  11:57  Nexus  
  155  12:03  Stalker  
  155  12:05  Archon  
  157  12:13  High Templar  
  157  12:15  High Templar, Sentry  
  161  12:18  Stalker  
  161  12:20  Observer  
  166  12:23  Observer  
  166  12:25  Stalker  
  169  12:33  Psionic Storm  
  169  12:36  Archon  
  169  12:37  Stalker  
  171  12:43  High Templar  
  173  12:51  High Templar  
  175  12:57  Zealot  
  175  12:58  Zealot x2, Immortal  
  183  13:00  Zealot, Immortal  
  191  13:10  Robotics Facility  
  169  13:16  Zealot  
  169  13:17  Probe  
  169  13:18  Probe, Zealot x3  
  169  13:19  Assimilator  
  138  13:20  Adept  
  103  13:35  Stalker  
  103  13:36  Stalker  
  103  13:39  Stalker  
  103  13:40  High Templar x2  
  99  13:45  Stalker  
  101  13:51  Probe x3  
  101  13:53  Probe  
  101  13:55  Assimilator  
  103  13:58  Adept  
  103  13:59  Stalker  
  103  14:02  Sentry  
  108  14:03  Probe x2  
  108  14:04  Probe  
  108  14:08  Stalker  
  108  14:09  Probe  
  112  14:11  Archon  
  112  14:12  High Templar  
  112  14:13  Zealot  
  112  14:17  Probe  
  112  14:18  Zealot  
  112  14:21  Probe  
  112  14:22  Probe, Sentry  
  112  14:23  Probe  
  119  14:25  High Templar  
  119  14:28  Immortal  
  122  14:31  Zealot  
  122  14:33  Zealot  
  122  14:38  Zealot  
  122  14:42  Probe  
  122  14:45  Zealot  
  125  14:46  Stalker  
  125  14:52  Zealot  
  123  14:53  Zealot  
  123  14:57  Adept  
  123  14:58  Sentry  
  115  15:05  Stalker  
  117  15:08  Zealot  
  117  15:12  Adept, Protoss Ground Weapons Level 2  
  117  15:13  Zealot  
  123  15:14  Pylon  
  123  15:17  High Templar  
  119  15:21  High Templar  
  119  15:22  Stargate  
  119  15:27  Robotics Bay  
  119  15:28  Adept  
  119  15:29  Forge, Sentry  
  119  15:32  Stalker  
  119  15:33  Gateway, Zealot  
  125  15:42  Photon Cannon  
  119  15:48  Sentry  
  119  15:49  Zealot  
  115  15:52  Pylon, Zealot  
  115  15:53  Stalker  
  115  15:54  Stalker  
  115  15:55  Zealot  
  111  16:09  Zealot  
  111  16:11  High Templar  
  115  16:12  Stalker  
  115  16:15  Stalker  
  115  16:16  Zealot  
  115  16:17  Adept, Gravitic Drive  
  121  16:18  Photon Cannon  
  121  16:20  Archon  
  121  16:29  Zealot  
  121  16:30  Stalker  
  125  16:35  High Templar  
  125  16:36  Nexus, Sentry  
  125  16:37  Adept  
  125  16:38  Adept  
  125  16:39  Photon Cannon  
  133  16:43  Stalker  
  133  16:44  Pylon  
  135  16:47  Archon  
  135  16:49  High Templar  
  135  16:52  High Templar  
  139  16:57  Zealot  
  139  16:58  Stalker  
  139  16:59  High Templar, Blink  
  145  17:02  Photon Cannon  
  145  17:04  Archon  
  145  17:06  Stalker  
  145  17:07  Stalker  
  149  17:14  Observer Gravitic Boosters  
  149  17:15  Assimilator  
  149  17:17  Adept  
  149  17:21  Stalker, Zealot  
  155  17:25  High Templar  
  155  17:27  Photon Cannon  
  155  17:29  High Templar  
  159  17:30  Stalker  
  159  17:32  Adept, Protoss Ground Armor Level 2, Assimilator  
  163  17:37  Stalker  
  163  17:40  Pylon  
  163  17:41  Zealot  
  167  17:44  Stalker  
  167  17:46  Archon  
  169  17:52  Adept  
  169  17:53  Stalker  
  169  17:57  High Templar  
  175  17:58  Nexus  
  175  18:00  Zealot  
  175  18:01  Stalker  
  175  18:02  Adept  
  175  18:05  Photon Cannon  
  181  18:07  High Templar  
  181  18:08  Photon Cannon  
  182  18:14  High Templar, Probe  
  182  18:17  Stalker, Probe  
  187  18:20  Stalker  
  187  18:22  Stalker  
  187  18:24  Stalker  
  193  18:29  Probe  
  193  18:30  Stalker  
  195  18:36  Archon  
  195  18:39  Stalker  
  195  18:40  High Templar  
  199  18:41  Archon  
  199  18:51  Observer  
  199  19:00  Resonating Glaives, High Templar  
  199  19:01  Photon Cannon  
  195  19:02  Zealot  
  195  19:03  Zealot x2  
  195  19:04  Zealot x2  
  195  19:07  Immortal  
  195  19:08  Immortal  
  187  19:12  Immortal  
  187  19:13  Zealot  
  157  19:23  Stalker, Zealot  
  157  19:24  Stalker, Zealot  
  141  19:25  Stalker  
  133  19:32  Sentry  
  133  19:33  Stalker  
  135  19:42  Pylon  
  135  19:43  Adept  
  135  19:44  Sentry  
  135  19:46  Sentry  
  135  19:47  Stalker  
  135  19:48  Stalker  
  138  19:55  Observer  
  138  19:56  Adept, Stalker  
  143  20:03  Stalker  
  145  20:07  Stalker  
  145  20:09  Stalker  
  145  20:10  Stalker  
  145  20:12  Stalker  
  147  20:15  Photon Cannon  
  147  20:16  Adept  
  147  20:21  Stalker  
  149  20:22  Pylon  
  149  20:27  High Templar  
  145  20:31  Stalker, Immortal  
  145  20:32  Stalker  
  145  20:35  High Templar  
  149  20:38  Stalker  
  149  20:41  Stalker  
  153  20:49  Photon Cannon  
  151  20:50  Adept  
  151  20:51  Photon Cannon  
  151  20:54  Sentry  
  151  20:56  Sentry  
  157  21:02  Immortal  
  157  21:03  Immortal  
  163  21:06  Stalker  
  163  21:08  Stalker  
  163  21:11  Nexus  
  163  21:14  Zealot  
  163  21:15  Zealot  
  163  21:17  Zealot  
  169  21:19  Zealot  
  169  21:21  Zealot  
  169  21:36  Stalker  
  169  21:38  Adept  
  169  21:39  Sentry  
  179  21:52  High Templar x2  
  187  21:55  Stalker  
  187  21:58  Stalker  
Tags
 
Composition
Zealot Archon
League
Gold
Matchup
PvT
Spawn Locations
Cross Positions
Add a new tag
Caveats
  • Supply blocks, unpowered buildings, or Contaminate may cause inaccurate times.
  • Supply counts are checked every 10 seconds.